AoeStats
← Potato

Arabia

509502702Analyzed
1v1 RM · 6d ago on Sep 27, 2026· 38m 45s· 2 players
Game mode
Random Map
Map size
Tiny (2 player)
Population
200
Speed
Normal
Resources
Standard
Victory
Conquest
Starting age
Dark Age
Ending age
Imperial Age
RankedLock teamsTeams togetherTeam positionsShared explorationLock speedFull tech treeHidden civsTurbo modeCheats
Victory
Defeat
🇨🇱 Mapuche · Chile
1120
+17
🇻🇳 Vietnamese · Vietnam
1137
-17
BADBADNOTGOOD
7:21 Loom
9:58 Feudal Age
10:27 Double-Bit Axe
10:25 Horse Collar
13:41 Town Watch
20:52 Castle Age
20:29 Forging
29:55 Wheelbarrow
31:19 Iron Casting
35:44 Imperial Age
33:43 Gold Mining
33:57 Heavy Plow
34:10 Bow Saw
36:48 Conscription
35:58 Elite Kona
38:30 Blast Furnace
Potato
6:56 Loom
9:08 Feudal Age
9:43 Double-Bit Axe
11:23 Horse Collar
17:44 Wheelbarrow
17:33 Fletching
22:38 Castle Age
22:58 Crossbowman
23:36 Bodkin Arrow
25:13 Bow Saw
25:05 Heavy Plow
24:56 Gold Mining
28:27 Scale Mail Armor
30:10 Town Watch
31:08 Chain Mail Armor
30:57 Squires
32:03 Forging
34:46 Iron Casting
34:30 Hand Cart
38:44 Imperial Age
36:33 Arson
36:42 Arson
Connection lost

Rejoining the realm…

Still unreachable

The connection could not be restored.

Session expired

The server has moved on; the page needs a fresh start.